 Dungeon Crawl Stone Soup version 0.20.1-1-g8b1a95d (webtiles) character file.

14181 equalderp2856 the Cleaver (level 11, 0/99 HPs)
             Began as a Minotaur Fighter on Oct 14, 2017.
             Slain by a cyan very ugly thing (22 damage)
             ... on level 1 of the Abyss.
             The game lasted 00:23:39 (12149 turns).

equalderp2856 the Cleaver (Minotaur Fighter)       Turns: 12149, Time: 00:23:41

Health: 0/99       AC: 12    Str: 22      XL:     11   Next: 85%
Magic:  0/8        EV:  7    Int: -3 (2)  God:
Gold:   618        SH: 12    Dex: 10 (11) Spells: 10/10 levels left

rFire    . . .     SeeInvis +   F - +3 war axe (flame)
rCold    . . .     Gourm    .   c - +0 shield
rNeg     . . .     Faith    .   U - +0 plate armour
rPois    .         Spirit   +   (helmet restricted)
rElec    .         Reflect  .   R - +0 cloak
rCorr    .         Harm     .   (no gloves)
MR       .....     Rnd*Tele +   u - +0 pair of boots
Stlth    ..........             T - amulet of guardian spirit
Regen    0.0/turn               D - ring of see invisible
MPRegen  0.2/turn               W - ring of teleportation (curse)

@: slowed, lost intelligence, very slow
A: retaliatory headbutt, horns 2, [deformed body], [deterioration 2], [dopey 2],
[low mp 2], screaming 1, [inhibited regeneration], [subdued magic 3],
[MP-powered wands]
a: no special abilities


You were on level 1 of the Abyss.
You were near starving.

You visited 1 branch of the dungeon, and saw 12 of its levels.
You visited the Abyss 1 time.
You also visited: Ossuary.

You collected 618 gold pieces.

Inventory:

Hand Weapons
 a - a +0 war axe
 F - a +3 war axe of flaming (weapon)
 M - a +4 trident of freezing
Armour
 b - a +0 scale mail
 c - a +0 shield (worn)
 u - a +0 pair of boots (worn)
 G - a +0 chain mail
 R - a +0 cloak (worn)
 U - a +0 plate armour (worn)
Jewellery
 D - a ring of see invisible (left hand)
 E - an uncursed ring of ice
 T - an amulet of guardian spirit (around neck)
 W - a cursed ring of teleportation (right hand)
 X - the amulet "Tuplo" {rC- Regen+ Str+6 Int+2}
   (You found it on level 12 of the Dungeon)

   [amulet of regeneration]

   It affects your strength (+6).
   It affects your intelligence (+2).
   It makes you vulnerable to cold.
   It increases your rate of regeneration.
Wands
 v - a wand of polymorph (10/24)
 x - a wand of random effects (0/48)
 B - a wand of lightning (3/15)
 I - a wand of digging (14/24)
 L - a wand of acid (1/15)
 P - a wand of disintegration (2/24)
 S - a wand of digging (19/24)
Scrolls
 e - 3 scrolls of blinking
 g - 4 scrolls of identify
 h - 8 scrolls of teleportation
 i - 3 scrolls of magic mapping
 l - 2 scrolls of enchant armour {unknown}
 n - 2 scrolls of immolation
 q - a scroll of noise
 y - 3 scrolls of enchant weapon
 A - a scroll of random uselessness {unknown}
 H - a scroll of acquirement {unknown}
 O - a scroll of remove curse
 Q - a scroll of torment {unknown}
 V - a scroll of holy word {unknown}
Potions
 d - a potion of might
 j - a potion of haste
 p - 3 potions of magic
 r - a potion of flight {unknown}
 s - a potion of heal wounds
 t - 2 potions of curing
 w - 2 potions of cancellation {unknown}
 z - a potion of mutation {unknown}
 C - 4 potions of invisibility {unknown}
 J - 3 potions of lignification {unknown}
 K - a potion of brilliance {unknown}
Books
 N - a book of Debilitation

   Spells                             Type                      Level
   a - Corona                         Hexes                        1
   b - Slow                           Hexes                        2
   c - Inner Flame                    Hexes/Fire                   3
   d - Portal Projectile              Hexes/Translocation          3
   e - Cause Fear                     Hexes                        4
   f - Leda's Liquefaction            Hexes/Earth                  4
Comestibles
 f - 10 bread rations
 m - 7 royal jellies
 o - 6 meat rations
 Y - 3 fruits


   Skills:
 + Level 9.9 Fighting
 + Level 12.9(13.7) Axes
 + Level 7.8(11.4) Polearms
 + Level 10.4 Armour
 + Level 4.4 Dodging
 + Level 0.8 Stealth
 + Level 10.0 Shields
 + Level 1.5 Evocations


You had 10 spell levels left.
You didn't know any spells.

Dungeon Overview and Level Annotations

Branches:
Dungeon (12/15)            Temple (0/1) D:4            Lair (0/6) D:11
    Orc (0/2) D:10

Altars:
Ashenzari
Fedhas
Gozag
Nemelex Xobeh
Qazlal
Trog
Uskayaw
Vehumet
The Shining One

Shops:
D:4 :   D:8 (   D:10 [

Annotations:
D:12 Erolcha


Innate Abilities, Weirdness & Mutations

You reflexively headbutt those who attack you in melee.
You have a pair of horns on your head.
You occasionally shout uncontrollably at your foes.
[Armour fits poorly on your strangely shaped body.]
[Your body often deteriorates upon taking damage.]
[You are very dopey. (Int -4)]
[Your magical capacity is very low. (-20% MP)]
[You do not regenerate when monsters are visible.]
[Your spells are much easier to cast, but much less powerful.]
[You expend magic power (3 MP) to strengthen your wands.]


Message History

Your headbutt misses the cyan very ugly thing.
The cyan very ugly thing is moderately wounded.
The cyan very ugly thing bites you but does no damage.
You slash the cyan very ugly thing! You burn the cyan very ugly thing.
The cyan very ugly thing is moderately wounded.
The cyan very ugly thing barely misses you.
You closely miss the cyan very ugly thing.
The cyan very ugly thing is moderately wounded.
The cyan very ugly thing bites you. The cyan very ugly thing shocks you!!
Your body deteriorates!
You feel clumsy.
You slice the cyan very ugly thing!! You burn the cyan very ugly thing!
The cyan very ugly thing is heavily wounded.
You block the cyan very ugly thing's attack. x2
Your plate armour prevents you from hitting the cyan very ugly thing.
The cyan very ugly thing is heavily wounded.
The cyan very ugly thing bites you!
* * * LOW HITPOINT WARNING * * *
Your body deteriorates!
You feel dopey. The cyan very ugly thing shocks you!!
You die...

#########.#.#
#.## ... ....
.#...### ##
#.. .##... ##
.. #.##.
##.## #.#
.##.## .# .
#.##.#. .# #
. #
##....#.####
. #.#.....# .
. #@#..### ..
#u### # # #
... ####


You could see a cyan very ugly thing.

Vanquished Creatures
  A centaur warrior (D:10)
  2 two-headed ogres
  A wretched star (Abyss:1)
  3 large abominations (Abyss:1)
  An ugly thing (D:11)
  A troll (D:10)
  A raiju (Abyss:1)
  2 shadows (D:12)
  11 yaks
  2 wyverns
  4 hogs (D:8)
  2 hungry ghosts
  A human (D:8)
  A neqoxec (Abyss:1)
  2 water moccasins
  3 ice beasts
  3 orc warriors
  2 black bears
  2 sky beasts
  A necrophage (D:6)
  2 phantoms
  4 centaurs
  7 ogres
  6 bullfrogs
  An elf zombie (Ossuary)
  An earth elemental (Abyss:1)
  A wyvern zombie (D:9)
  A gnoll sergeant (D:7)
  4 scorpions
  12 killer bees
  14 wights (D:7)
  9 howler monkeys
  2 crimson imps
  5 hounds
  4 bullfrog skeletons
  3 jellies
  5 centaur skeletons
  4 orc priests
  8 orc wizards
  Jessica (D:2)
  A human zombie (Ossuary)
  Natasha (thrice) (D:2)
  6 iguanas
  8 worker ants
  A hound zombie (Ossuary)
  2 hound skeletons
  4 mummies (Ossuary)
  A worker ant zombie (D:11)
  8 gnolls
  18 adders
  2 shadow imps (D:7)
  5 adder zombies
  A dart slug (D:1)
  2 worms
  2 leopard geckos
  30 orcs
  4 ball pythons
  5 giant cockroaches
  A gnoll zombie (Ossuary)
  4 goblins
  12 hobgoblins
  6 jackals
  4 quokkas
  8 bats
  2 frilled lizards
  A hobgoblin zombie (Ossuary)
  2 jackal skeletons
  8 kobolds
  2 kobold zombies (Ossuary)
  A leopard gecko skeleton (D:8)
  A leopard gecko zombie (D:7)
  3 orc zombies (Ossuary)
  A quokka skeleton (D:8)
  A quokka zombie (D:6)
  10 rats
  A rat zombie (Ossuary)
311 creatures vanquished.

Vanquished Creatures (others)
  An orc wizard (D:4)
1 creature vanquished.

Grand Total: 312 creatures vanquished

Notes
Turn   | Place    | Note
-------+----------+-------------------------------------------
     0 | D:1      | equalderp2856 the Minotaur Fighter began the quest for the Orb.
     0 | D:1      | Reached XP level 1. HP: 19/19 MP: 0/0
   194 | D:1      | Reached XP level 2. HP: 27/27 MP: 1/1
   542 | D:1      | Reached skill level 3 in Axes
   625 | D:1      | Reached XP level 3. HP: 27/33 MP: 2/2
   973 | D:2      | Noticed Jessica
   973 | D:2      | Noticed Natasha
   984 | D:2      | Killed Natasha
   997 | D:2      | Killed Jessica
   997 | D:2      | Reached XP level 4. HP: 36/41 MP: 3/3
  1240 | D:2      | Found a faded altar of an unknown god.
  1283 | D:2      | Reached skill level 4 in Axes
  1336 | D:2      | Noticed Natasha
  1343 | D:2      | Killed Natasha
  1343 | D:2      | Reached skill level 1 in Dodging
  1343 | D:2      | Noticed Natasha
  1356 | D:2      | Killed Natasha
  1356 | D:2      | Reached XP level 5. HP: 23/47 MP: 4/4
  1999 | D:3      | Found a hide-covered altar of Uskayaw.
  2089 | D:3      | Found a stormy altar of Qazlal.
  2090 | D:3      | Found a glowing golden altar of the Shining One.
  2201 | D:4      | Noticed an ogre
  2207 | D:4      | Killed an ogre
  2207 | D:4      | Reached skill level 5 in Axes
  2207 | D:4      | Reached XP level 6. HP: 42/53 MP: 5/5
  2508 | D:4      | Reached skill level 5 in Shields
  2513 | D:4      | Reached skill level 6 in Axes
  2628 | D:4      | Reached skill level 5 in Armour
  2732 | D:4      | Reached skill level 5 in Fighting
  2732 | D:4      | Reached XP level 7. HP: 53/61 MP: 6/6
  2965 | D:4      | Found Qakofaho's Book Shop.
  3121 | D:4      | Found a staircase to the Ecumenical Temple.
  3230 | D:5      | Entered Level 5 of the Dungeon
  3272 | D:5      | Found a sand-covered staircase.
  3278 | Ossuary  | Entered an ossuary
  3297 | Ossuary  | Reached skill level 7 in Axes
  4271 | D:4      | Reached XP level 8. HP: 30/70 MP: 7/7
  4556 | D:5      | Found an opulent altar of Gozag.
  4862 | D:5      | Reached skill level 8 in Axes
  4920 | D:5      | Found a shattered altar of Ashenzari.
  5665 | D:6      | Reached skill level 9 in Axes
  5831 | D:6      | Found a radiant altar of Vehumet.
  5831 | D:6      | Found a blossoming altar of Fedhas.
  6072 | D:7      | Reached XP level 9. HP: 78/78 MP: 8/8
  6251 | D:7      | Reached skill level 10 in Axes
  6696 | D:7      | Reached skill level 1 in Polearms
  6781 | D:7      | Found a sparkling altar of Nemelex Xobeh.
  7584 | D:8      | Found a bloodstained altar of Trog.
  7847 | D:8      | Found Wuppusecs's Weapon Shoppe.
  7994 | D:8      | Reached XP level 10. HP: 70/88 MP: 9/9
  8006 | D:8      | Reached skill level 5 in Polearms
  8371 | D:8      | Noticed a two-headed ogre
  8382 | D:8      | Killed a two-headed ogre
  8382 | D:8      | Reached skill level 1 in Evocations
  8766 | D:9      | Noticed a two-headed ogre
  8776 | D:9      | Killed a two-headed ogre
  8924 | D:9      | Reached skill level 11 in Axes
  9329 | D:8      | Reached XP level 11. HP: 60/95 MP: 11/11
  9959 | D:10     | Entered Level 10 of the Dungeon
 10102 | D:4      | Identified the +5 flail of the Unstoppable Nights {distort, rElec rN++ Stlth-} (You found it on level 4 of the Dungeon)
 10550 | D:10     | Noticed a centaur warrior
 10568 | D:10     | Killed a centaur warrior
 10667 | D:10     | Found Viteattoxo's Armour Shop.
 10702 | D:10     | Reached skill level 12 in Axes
 10809 | D:10     | Found a staircase to the Orcish Mines.
 11094 | D:11     | Noticed a red ugly thing
 11121 | D:11     | Killed a red ugly thing
 11361 | D:11     | Found a staircase to the Lair.
 11441 | D:11     | You fall through a shaft!
 11714 | D:12     | Got a crude iron amulet
 11722 | D:12     | Identified the amulet "Tuplo" {rC- Regen+ Str+6 Int+2} (You found it on level 12 of the Dungeon)
 11776 | D:12     | Noticed Erolcha
 11778 | D:12     | Cast into level 1 of the Abyss (Erolcha)
 11783 | Abyss:1  | Found a corrupted altar of Lugonu.
 11801 | Abyss:1  | Noticed a large abomination
 11842 | Abyss:1  | Killed a large abomination
 11842 | Abyss:1  | Reached skill level 10 in Armour
 11972 | Abyss:1  | Noticed a wretched star
 11996 | Abyss:1  | Killed a wretched star
 11996 | Abyss:1  | Reached skill level 10 in Shields
 12110 | Abyss:1  | Lost intelligence.
 12113 | Abyss:1  | Gained mutation: You occasionally shout uncontrollably at your foes. [a neqoxec]
 12141 | Abyss:1  | Noticed a cyan very ugly thing
 12149 | Abyss:1  | Slain by a cyan very ugly thing

Skill      XL: |  1  2  3  4  5  6  7  8  9 10 11 |
---------------+----------------------------------+-----
Fighting       | 4 5 6 7 8 9 |  9.9
Axes           | 3 4 5 6 7 9 10 11 12 | 12.9
Armour         | 4 5 6 7 9 10 | 10.4
Shields        | 4 5 6 8 9 10 | 10.0
Dodging        | 1 2 3 4 |  4.4
Polearms       | 4 7 |  7.8
Evocations     | 1 |  1.5
Stealth        | |  0.8

Action                   |  1- 3 |  4- 6 |  7- 9 | 10-12 || total
-------------------------+-------+-------+-------+-------++-------
Melee: War axe           |    74 |   121 |   250 |   350 ||   795
       Headbutt          |     7 |    25 |    69 |    58 ||   159
       Trident           |       |       |   155 |    49 ||   204
Evoke: Wand              |       |       |     5 |     9 ||    14
  Use: Potion            |     1 |       |       |     9 ||    10
       Scroll            |       |     2 |     5 |     8 ||    15
  Eat: Chunk             |       |     5 |    15 |    12 ||    32
       Fruit             |       |       |     3 |     2 ||     5
       Royal jelly       |       |       |       |     2 ||     2
Armor: Scale mail        |    44 |    42 |    63 |       ||   149
       Chain mail        |       |       |    64 |    82 ||   146
       Plate armour      |       |       |       |    52 ||    52
Dodge: Dodged            |    18 |    54 |   115 |    89 ||   276
Block: Shield            |    50 |    58 |   191 |   202 ||   501
